 Dungeon Crawl Stone Soup version 0.29-a0-323-g050149af67 (webtiles) character file.

Game seed: 13581438927155130148

104698 spaghetti the Fighter (level 15, -10/132 HPs)
             Began as a Demonspawn Fire Elementalist on Apr 11, 2022.
             Was the Champion of Ashenzari.
             Mangled by a radroach (43 damage)
             ... on level 3 of the Spider Nest.
             The game lasted 01:11:48 (29609 turns).

spaghetti the Fighter (DsFE)                       Turns: 29609, Time: 01:11:48

Health: -10/132    AC: 20    Str: 13    XL:     15   Next: 92%
Magic:  4/28       EV: 12    Int: 21    God:    Ashenzari [******]
Gold:   1867       SH:  0    Dex: 14    Spells: 15/32 levels left

rFire   + . .      SeeInvis +   A - +0 short sword "Oblivion of Ashenzari" {venom, short, Fort, Melee} (curse)
rCold   x . .      Faith    .   Q - +3 kite shield "Vision of Ashenzari" {AC+3, Self, Fort} (curse)
rNeg    . . .      Spirit   .   I - +2 ring mail of the Sibylline Sorrow {rPois, Bglg, Fort} (curse)
rPois   +          Reflect  .   Z - +2 hat of the Bound Sage {Stlth+, Melee, Cun} (curse)
rElec   .          Harm     .   O - +0 cloak of Apeoromancy {Elem, Melee} (curse)
rCorr   .          Rampage  .   (gloves unavailable)
Will    +....      Clarity  +   V - +2 pair of boots "Cryptic Dissatisfaction" {Elem, Cun} (curse)
Stlth   ++++++....              z - amulet "Ensconced With Me" {Regen+, @e2, Fort, Cun} (curse)
HPRegen 1.12/turn               m - ring of Ashenzari's Heresy {Wiz, Bglg, Elem} (curse)
MPRegen 0.21/turn               G - ring of the Cosmic Burden {Fire, Elem, Self} (curse)

@: about to teleport, held, invisible
A: repulsion field 2, spiny 1, demonic magic 3, demonic touch 3, strong 1
a: Renounce Religion, Shatter the Chains


You were on level 3 of the Spider Nest.
You worshipped Ashenzari.
Ashenzari was exalted by your worship.
You visited 4 branches of the dungeon, and saw 24 of its levels.

You collected 2021 gold pieces.
You spent 154 gold pieces at shops.


Innate Abilities, Weirdness & Mutations

You are surrounded by a moderate repulsion field. (EV +3)
You are partially covered in sharp spines.
Spells you cast and wands you use may paralyse nearby enemies.
Your touch may irresistibly damage your foes and sap their willpower.
Your muscles are strong. (Str +2)


   Skills:
 - Level 12.6(16.5) Fighting
 - Level 10.4(15.5) Short Blades
 + Level 8.1(14.2) Armour
 - Level 11.6(16.7) Dodging
 - Level 8.7(13.8) Stealth
 - Level 10.5(16.6) Shields
 - Level 5.2(9.0) Spellcasting
 + Level 8.7(12.7) Conjurations
 - Level 7.4(13.5) Fire Magic


You had 15 spell levels left.
You knew the following spells:

 Your Spells              Type           Power      Damage    Failure   Level
a - Foxfire               Conj/Fire      100%       2x1d9     1%          1
b - Scorch                Fire           100%       2d10      1%          2
c - Flame Wave            Conj/Fire      77%        2d14      1%          4
d - Inner Flame           Hex/Fire       55%        N/A       1%          3
e - Orb of Destruction    Conj           29%        9d9       34%         7

Your spell library contained the following spells:

 Spells                   Type           Power      Damage    Failure   Level
 Conjure Flame            Conj/Fire      77%        6-21      1%          3
 Apportation              Tloc           22%        N/A       6%          1
 Animate Skeleton         Necr           18%        N/A       9%          1
 Pain                     Necr           36%        1d5       9%          1
 Summon Small Mammal      Summ           36%        N/A       9%          1
 Corpse Rot               Necr/Air       22%        N/A       11%         2
 Poisonous Vapours        Pois/Air       22%        N/A       11%         2
 Sublimation of Blood     Necr           9%         N/A       12%         2
 Frozen Ramparts          Ice            26%        1d4       16%         3
 Irradiate                Conj/Tmut      18%        3d19      16%         5
 Gell's Gravitas          Tloc           11%        N/A       19%         3
 Lesser Beckoning         Tloc           11%        N/A       19%         3
 Portal Projectile        Hex/Tloc       22%        N/A       19%         3
 Teleport Other           Tloc           11%        N/A       19%         3
 Summon Guardian Golem    Hex/Summ       10%        N/A       21%         3
 Call Canine Familiar     Summ           9%         N/A       24%         3
 Leda's Liquefaction      Hex/Erth       6%         N/A       47%         4
 Ice Form                 Ice/Tmut       11%        N/A       52%         4
 Petrify                  Tmut/Erth      11%        N/A       52%         4
 Summon Ice Beast         Ice/Summ       11%        N/A       52%         4
 Agony                    Necr           9%         N/A       89%         5
 Alistair's Intoxication  Tmut/Pois      6%         N/A       89%         5
 Excruciating Wounds      Necr           4%         N/A       89%         5
 Spellforged Servitor     Conj/Summ      18%        N/A       99%         7

Inventory:

Hand Weapons
 A - the cursed +0 short sword "Oblivion of Ashenzari" (weapon) {venom, short, Fort, Melee}
   (You took it off a kobold on level 4 of the Dungeon)

   It poisons the flesh of those it strikes.
   It has a curse which improves the following skills: Fortitude: Armour and
   Shields.
   Melee Combat: Short Blades, Long Blades, Axes, Maces & Flails, Polearms,
   Staves and Unarmed Combat.
 P - a +0 rapier {short}
   (You found it on level 9 of the Dungeon)
Missiles
 f - a boomerang of dispersal {=f!fthrowing}
 n - 555 stones {throwing}
 q - 21 boomerangs {throwing}
 s - 45 poisoned darts {throwing}
 y - 10 javelins {throwing}
 F - 6 throwing nets {=f!fthrowing}
 R - 5 atropa-tipped darts {throwing}
Armour
 I - the cursed +2 ring mail of the Sibylline Sorrow (worn) {rPois, Bglg, Fort}
   (You found it on level 6 of the Lair of Beasts)

   rPois:     It protects you from poison.
   It has a curse which improves the following skills: Beguiling: Conjurations,
   Hexes and Translocations.
   Fortitude: Armour and Shields.
 O - the cursed +0 cloak of Apeoromancy (worn) {Elem, Melee}
   (You took it off Maurice on level 8 of the Dungeon)

   It has a curse which improves the following skills: Elements: Fire Magic, Ice
   Magic, Air Magic and Earth Magic.
   Melee Combat: Short Blades, Long Blades, Axes, Maces & Flails, Polearms,
   Staves and Unarmed Combat.
 Q - the cursed +3 kite shield "Vision of Ashenzari" (worn) {AC+3, Self, Fort}
   (You took it off a tengu warrior on level 13 of the Dungeon)

   It has a curse which improves the following skills: Introspection: Fighting
   and Spellcasting.
   Fortitude: Armour and Shields.
 V - the cursed +2 pair of boots "Cryptic Dissatisfaction" (worn) {Elem, Cun}
   (You found it on level 11 of the Dungeon)

   It has a curse which improves the following skills: Elements: Fire Magic, Ice
   Magic, Air Magic and Earth Magic.
   Cunning:   Dodging and Stealth.
 Z - the cursed +2 hat of the Bound Sage (worn) {Stlth+, Melee, Cun}
   (You took it off Gastronok on level 2 of the Lair of Beasts)

   It has a curse which improves the following skills: Melee Combat: Short
   Blades, Long Blades, Axes, Maces & Flails, Polearms, Staves and Unarmed
   Combat.
   Cunning:   Dodging and Stealth.
Magical Staves
 c - a staff of fire {!astaff}
   (You found it on level 13 of the Dungeon)
 i - a staff of earth {!astaff}
   (You found it on level 2 of the Spider Nest)
Jewellery
 d - a ring of fire
   (You found it on level 13 of the Dungeon)
 h - a ring of fire
   (You found it on level 3 of the Lair of Beasts)
 m - the cursed ring of Ashenzari's Heresy (left hand) {Wiz, Bglg, Elem}
   (You found it on level 2 of the Dungeon)

   [ring of wizardry]

   It improves your spell success rate.
   It has a curse which improves the following skills: Beguiling: Conjurations,
   Hexes and Translocations.
   Elements:  Fire Magic, Ice Magic, Air Magic and Earth Magic.
 z - the cursed amulet "Ensconced With Me" (around neck) {Regen+, @e2, Fort, Cun}
   (You found it on level 4 of the Dungeon)

   [amulet of regeneration]

   Regen:     It increases your rate of health regeneration.
   It has a curse which improves the following skills: Fortitude: Armour and
   Shields.
   Cunning:   Dodging and Stealth.
 G - the cursed ring of the Cosmic Burden (right hand) {Fire, Elem, Self}
   (You found it on level 8 of the Dungeon)

   [ring of fire]

   It enhances your fire magic.
   rF:        It protects you from fire.
   rC:        It makes you vulnerable to cold.
   It has a curse which improves the following skills: Elements: Fire Magic, Ice
   Magic, Air Magic and Earth Magic.
   Introspection: Fighting and Spellcasting.
 H - a ring of willpower
   (You found it on level 12 of the Dungeon)
 L - a ring of protection from cold
   (You found it on level 12 of the Dungeon)
 S - a ring of willpower
   (You found it on level 3 of the Lair of Beasts)
Wands
 l - a wand of mindburst (2)
   (You found it on level 2 of the Spider Nest)
 C - a wand of flame (13)
   (You found it on level 2 of the Spider Nest)
Scrolls
 a - a scroll of identify {@r1}
 e - a scroll of enchant weapon
 g - a scroll of enchant armour
 k - 6 scrolls of teleportation {@r4}
 o - 3 scrolls of vulnerability {!r!r}
 t - a scroll of silence {!r}
 E - 3 scrolls of fog
 M - 2 scrolls of magic mapping {!r}
 T - a scroll of immolation {!r!r}
Potions
 b - a potion of magic
 j - 5 potions of might
 p - 7 potions of flight
 r - a potion of invisibility
 u - 13 potions of ambrosia
 w - 3 potions of lignification {!q}
 x - a potion of cancellation
 B - 3 potions of brilliance
 D - 12 potions of curing {@q1}

Dungeon Overview and Level Annotations

Branches:
Dungeon (13/15)            Temple (0/1) D:6            Lair (6/6) D:11
 Shoals (0/4) Lair:4       Spider (3/4) Lair:2          Orc (2/2) D:9
    Elf (0/3) Orc:2        Vaults (0/5) D:13
  Slime: Lair:5-6

Altars:
Ashenzari
Cheibriados
Dithmenos
Gozag
Trog
Uskayaw
Vehumet
The Shining One

Shops:
Orc:1 [   Orc:2 *![:

Portals:
Pandemonium: Orc:2

Annotations:
D:6 exclusion: cyclops
Lair:5 exclusion: 2 oklob plants

, ,,.......<.......#. *, ,
^.....#.......^.#. ,
*....##......##.##
####*####.##........####
#...##..###...##......##
*#........###...........
#..^.........#.^.......
#^...)...s.............
***#^....@.#.............^
****
!....!.#Bs.....##...#...
,* * ,
^.....^#†....^......#..^ ,
,, ,,,
#..^..s###.yy.......#..#
*, ,, ,
##......##ss.y.....###.# ,
,* * ##....**##..s....##
## ,,, , * ..#.s
*##.s....# ,{, ,, ,, ^*
*#..^.. {{,*....,* ,,,,,
,^ <, , , ,, ,,,


You could see a broodmother (wandering, can't see you), an emperor scorpion
(can't see you), a radroach (can't see you), an orb spider (wandering, can't see
you), 2 culicivoras, a jumping spider (wandering, can't see you), a tarantella
(wandering, can't see you), a redback (wandering, can't see you) and 3 meliai.


Message History

The flame wave engulfs the jumping spider!
You kill the jumping spider!
The flame wave engulfs the jumping spider but does no damage.
You finish channelling waves of flame.
You hear an angry buzzing noise.
The radroach's soul is no longer bound.
The jorogumo hits you but does no damage.
The radroach bites you but does no damage.
The radroach misses you. 😨 HP[+1] MP[-1]
You now have 128 max hp (+1).
You lost 1 mp, and now have 14/28 mp.
Casting: Flame Wave (safe; 1% risk of failure)
Confirm with . or Enter, or press ? or * to list all spells.
Casting: Flame Wave (safe; 1% risk of failure)
Press: ? - help, Dir - look around, f - activate You feel a surge of power!
A wave of flame ripples out!
The flame wave engulfs the radroach!!
You kill the radroach!
The flame wave engulfs the jorogumo!! (Press . to intensify the flame waves.) Malevolent energies surge around you.
You hear an angry hiss.
A jumping spider comes into view.
The jorogumo casts a spell at you.
The stream of webbing hits you but does no damage.
You are even more entangled.
An emperor scorpion comes into view.
A redback comes into view. 😨 HP[+1] MP[-4]
You now have 130 max hp (+2).
You lost 4 mp, and now have 10/28 mp.
A wave of flame ripples out!
The flame wave engulfs the jorogumo!
You kill the jorogumo!
The flame wave engulfs the jumping spider!
A freezing mist starts to gather...
A jorogumo simulacrum comes into view.
The jumping spider is struck by your spines.
The jumping spider pounces on you but does no damage.
The jumping spider bites you.
* * * LOW HITPOINT WARNING * * *
A broodmother comes into view.
You feel your strength returning. 😨 HP[-3]
You now have 131 max hp (+1).
You take 3 damage, and now have 33/131 hp.
A wave of flame ripples out!
The flame wave engulfs the jumping spider!
The flame wave engulfs the jorogumo simulacrum!
The jorogumo simulacrum melts!
The flame wave engulfs the culicivora!
You finish channelling waves of flame.
You hear an angry buzzing noise.
You hear an angry hiss.
The jumping spider barely misses you.
The jumping spider bites you but does no damage.
An orb spider comes into view. 😨 HP[+1] MP[-1]
You lost 1 mp, and now have 9/28 mp.
Casting: Flame Wave (safe; 1% risk of failure)
Confirm with . or Enter, or press ? or * to list all spells.
Casting: Flame Wave (safe; 1% risk of failure)
Press: ? - help, Dir - look around, f - activate You feel a surge of power!
A wave of flame ripples out!
The flame wave engulfs the jumping spider!
You kill the jumping spider! (Press . to intensify the flame waves.) Malevolent energies surge around you.
The culicivora suddenly stops moving!
Your life force feels restored. 😨 HP[+1] MP[-4]
You now have 132 max hp (+1).
You lost 4 mp, and now have 5/28 mp.
A wave of flame ripples out!
The flame wave engulfs the jorogumo simulacrum!!
The jorogumo simulacrum melts!
The flame wave engulfs the culicivora!!
You kill the culicivora!
The flame wave engulfs the radroach!
You hear an angry buzzing noise.
You hear an angry hiss.
You hear a shout!
A culicivora comes into view.
A meliai comes into view. It is wielding a +0 hand axe. x2
The jorogumo simulacrum closely misses you. 😨 HP[+1] MP[-1]
You lost 1 mp, and now have 4/28 mp.
A wave of flame ripples out!
The flame wave engulfs the jorogumo simulacrum!
The jorogumo simulacrum melts!
You hear a sizzling sound!
The flame wave engulfs the radroach!
The flame wave engulfs the emperor scorpion!
The flame wave engulfs the tarantella!!
The tarantella hisses angrily.
You finish channelling waves of flame.
You hear an angry buzzing noise.
A meliai comes into view. It is wielding a +0 war axe.
The radroach bites you.
* * * LOW HITPOINT WARNING * * *
The radroach barely misses you. 😱 HP[-4] MP[-1]
You take 4 damage, and now have 32/132 hp.
You lost 1 mp, and now have 3/28 mp.
As you read the scroll of teleportation {@r4}, it crumbles to dust.
You feel strangely unstable.
A culicivora comes into view.
The radroach erupts in a fountain of uncontrolled magic!
You are blasted with magical radiation!!!
You die...

Skill      XL: |  1  2  3  4  5  6  7  8  9 10 11 12 13 14 15 |
---------------+----------------------------------------------+-----
Spellcasting   | 3 5 |  5.2
Fire Magic     | 3 5 6 7 |  7.4
Conjurations   | 2 3 4 5 7 8 |  8.7
Dodging        | 2 3 7 10 11 | 11.6
Short Blades   | 1 2 4 6 7 8 10 | 10.4
Stealth        | 4 6 8 |  8.7
Fighting       | 1 4 7 10 12 | 12.6
Shields        | 9 10 | 10.5
Armour         | 8 |  8.1

Action                   |  1- 3 |  4- 6 |  7- 9 | 10-12 | 13-15 || total
-------------------------+-------+-------+-------+-------+-------++-------
Melee: Whip              |    28 |     4 |       |       |       ||    32
       Touch             |     3 |     2 |     1 |    12 |    11 ||    29
       Short sword       |       |    10 |    18 |   109 |   481 ||   618
       Kick              |       |     5 |     5 |       |       ||    10
       Punch             |       |       |       |     1 |       ||     1
Throw: Dart              |       |       |     1 |       |       ||     1
 Cast: Foxfire           |    68 |    75 |    92 |   174 |   349 ||   758
       Scorch            |     9 |    17 |    68 |   186 |   358 ||   638
       Flame Wave        |       |       |       |    12 |    63 ||    75
Invok: Curse Item        |     2 |     2 |       |     1 |     5 ||    10
       Shatter the Chain |       |       |       |       |     1 ||     1
  Use: Potion            |       |     2 |     3 |     3 |    17 ||    25
       Scroll            |       |       |     2 |     2 |    17 ||    21
 Stab: Paralysed         |       |     5 |     8 |    46 |   132 ||   191
       Sleeping          |       |     1 |       |     6 |    12 ||    19
Armor: Robe              |     4 |     2 |     1 |    32 |    62 ||   101
       Ring mail         |       |       |       |       |   108 ||   108
Dodge: Dodged            |    20 |     8 |    19 |   135 |   541 ||   723
Block: Kite shield       |       |       |       |       |   501 ||   501

Levels and vault maps discovered:
D:1:      scummos_arrival_hexagon, layout_loops_ring,
          dreamdust_ecumenical_altar_statues
D:2:      layout_basic
D:3:      layout_basic
D:4:      layout_cave_pools, grunt_dithmenos_smoke_and_mirrors,
          lemuel_doored_altar, minmay_misc_feat_tower
D:5:      layout_loops_ring, mainiacjoe_overflow_catch_the_wave,
          grunt_ministairs_11, minmay_hedge_maze
D:6:      layout_basic, mainiacjoe_overflow_alcove_2, minmay_temple_entry_glass,
          hangedman_abyss_or_decor_stabs, minmay_quadrilaterals
D:7:      layout_basic, general_overflow_altar
D:8:      layout_loops_ring, uniq_maurice
D:9:      layout_basic, david_orc_2, st_stairs_8
D:10:     layout_roguey, serial_aquarium, aquarium_bridge_square
          [aquarium_subvault_wall, aquarium_subvault_bridge,
          aquarium_subvault_window, aquarium_subvault_wall],
          aquarium_window_fake, aquarium_window_2, aquarium_window_fake,
          aquarium_window_fake, aquarium_view_2a, aquarium_view_2d,
          dreamdust_gnoll_shepherd, uniq_erolcha
D:11:     layout_grid_maze, minmay_lair_entry_grove
D:12:     layout_stronghold, grunt_ministairs_11
D:13:     layout_basic, david_vaults_4, serial_undead, serial_undead_b,
          serial_undead_a, serial_undead_b, serial_undead_f, cheibriados_altar_1
Lair:1:   layout_loops_ring, grunt_megastairs_2, infiniplex_staircase_pool,
          serial_bayou_shore_b
Lair:2:   layout_misc_corridors, nicolae_spider_entry_tight_spaces,
          uniq_gastronok
Lair:3:   layout_roguey, special_room [special_room_bee]
Lair:4:   layout_roguey, shoals_dummy_entry, special_room
          [special_room_mythical_zoo], grunt_megastairs_1, uniq_urug
Lair:5:   layout_gridlike, minmay_slime_entry_oklob_open,
          kennysheep_basilisk_garden, serial_bayou_shore_b
Lair:6:   grunt_lair_end_beastmaster, layout_misc_corridors, basic_altar,
          nicolae_quartered_pool_super, serial_bayou_shore_a
Spider:1: layout_chambers, nicolae_spider_moth_buddies
Spider:2: layout_spider_delve
Spider:3: layout_spider_delve, nicolae_spider_paper_wasps
Orc:1:    layout_diamond_mine, serial_shops, shop, shop, shop_coins, basic_altar
Orc:2:    pf_orc_diabolical, layout_caves, uniq_jorgrun

Notes
Turn   | Place    | Note
-------+----------+-------------------------------------------
     0 | D:1      | spaghetti the Demonspawn Fire Elementalist began the quest
                  | for the Orb.
     0 | D:1      | Reached XP level 1. HP: 13/13 MP: 3/3
     0 | D:1      | magus.rc [v1.9.6]
   113 | D:1      | Found a faded altar of an unknown god.
   124 | D:1      | Prayed at the altar of an unknown god.
   124 | D:1      | Became a worshipper of Ashenzari the Shackled
   399 | D:1      | Gained mutation: Your touch may inflict minor irresistible
                  | damage on your foes. [demonic ancestry]
   399 | D:1      | Reached XP level 2. HP: 19/19 MP: 2/5
   457 | D:1      | Learned a level 2 spell: Scorch
   823 | D:1      | Reached skill level 3 in Spellcasting
  1135 | D:1      | Reached skill level 3 in Fire Magic
  1378 | D:2      | Gained mutation: Your touch may inflict irresistible damage
                  | on your foes. [demonic ancestry]
  1378 | D:2      | Reached XP level 3. HP: 24/24 MP: 4/7
  1624 | D:2      | Reached * piety under Ashenzari
  2655 | D:3      | Gained mutation: Spells you cast may paralyse adjacent
                  | enemies. [demonic ancestry]
  2655 | D:3      | Reached XP level 4. HP: 30/30 MP: 6/10
  2817 | D:3      | Gained mutation: You sometimes lose the ability to read
                  | scrolls when taking damage. [potion of mutation]
  2817 | D:3      | Gained mutation: You expend magic power (3 MP) to
                  | strengthen your wands. [potion of mutation]
  3007 | D:3      | Reached skill level 2 in Conjurations
  3328 | D:3      | Learned a level 4 spell: Flame Wave
  3560 | D:3      | Reached ** piety under Ashenzari
  3900 | D:4      | You pick up a book of Vapours and begin reading...
  3900 | D:4      | You add the spells Poisonous Vapours and Corpse Rot to your
                  | library.
  3932 | D:4      | Lost mutation: You sometimes lose the ability to read
                  | scrolls when taking damage. [potion of mutation]
  3932 | D:4      | Lost mutation: You expend magic power (3 MP) to strengthen
                  | your wands. [potion of mutation]
  3932 | D:4      | Gained mutation: Your body sometimes deteriorates upon
                  | taking damage. [potion of mutation]
  3932 | D:4      | Gained mutation: You have sharp toenails. [potion of
                  | mutation]
  3938 | D:4      | Reached skill level 2 in Dodging
  3938 | D:4      | Gained mutation: You are partially covered in sharp spines.
                  | [demonic ancestry]
  3938 | D:4      | Reached XP level 5. HP: 35/35 MP: 5/11
  4063 | D:4      | Found a shadowy altar of Dithmenos.
  4148 | D:4      | Found an opulent altar of Gozag.
  4402 | D:5      | Entered Level 5 of the Dungeon
  4727 | D:5      | Reached skill level 1 in Short Blades
  4727 | D:5      | Reached skill level 3 in Conjurations
  4827 | D:5      | Reached XP level 6. HP: 41/41 MP: 6/12
  5072 | D:5      | Found a bloodstained altar of Trog.
  5114 | D:5      | Reached skill level 3 in Dodging
  5118 | D:5      | Reached skill level 2 in Short Blades
  5141 | D:5      | Identified the +7 whip "Quapler" {antimagic, rCorr Int+4
                  | SInv}
  5244 | D:5      | Reached skill level 4 in Conjurations
  5302 | D:5      | Gained mutation: You are surrounded by a mild repulsion
                  | field. (EV +2) [demonic ancestry]
  5302 | D:5      | Reached XP level 7. HP: 46/46 MP: 7/13
  5492 | D:6      | Found a staircase to the Ecumenical Temple.
  5553 | D:6      | Reached skill level 2 in Stealth
  5801 | D:6      | Noticed a cyclops
  5867 | D:7      | Noticed a steam dragon
  5948 | D:7      | Reached skill level 3 in Short Blades
  5959 | D:6      | Reached skill level 3 in Stealth
  6180 | D:7      | You pick up a book of Displacement and begin reading...
  6180 | D:7      | You add the spells Lesser Beckoning, Gell's Gravitas and
                  | Teleport Other to your library.
  6183 | D:7      | You pick up a book of Rime and begin reading...
  6183 | D:7      | You add the spells Frozen Ramparts, Ice Form and Summon Ice
                  | Beast to your library.
  6264 | D:7      | Killed a steam dragon
  6265 | D:7      | Reached skill level 4 in Short Blades
  6265 | D:7      | Reached skill level 4 in Stealth
  6265 | D:7      | Reached XP level 8. HP: 36/52 MP: 3/14
  6468 | D:7      | You pick up a book of Alchemy and begin reading...
  6468 | D:7      | You add the spells Sublimation of Blood, Petrify and
                  | Irradiate to your library.
  6613 | D:7      | Found a hide-covered altar of Uskayaw.
  6632 | D:8      | Reached skill level 5 in Short Blades
  6632 | D:8      | Reached skill level 5 in Stealth
  6869 | D:8      | Reached skill level 6 in Stealth
  7162 | D:8      | Noticed a hornet
  7170 | D:8      | Reached skill level 6 in Short Blades
  7179 | D:8      | Killed a hornet
  7180 | D:8      | Reached XP level 9. HP: 57/57 MP: 9/15
  7285 | D:8      | Noticed Maurice
  7295 | D:8      | Killed Maurice
  7296 | D:8      | Reached skill level 7 in Stealth
  7837 | D:8      | Reached skill level 4 in Fire Magic
  7854 | D:8      | Reached skill level 7 in Short Blades
  7969 | D:9      | Noticed a two-headed ogre
  8103 | D:9      | Reached skill level 5 in Conjurations
  8358 | D:9      | Killed a two-headed ogre
  8359 | D:9      | Reached skill level 1 in Fighting
  8359 | D:9      | Reached skill level 8 in Stealth
  8359 | D:9      | Reached skill level 5 in Fire Magic
  8359 | D:9      | Reached XP level 10. HP: 67/67 MP: 7/16
  8812 | D:9      | Reached skill level 2 in Fighting
  8907 | D:9      | Found a staircase to the Orcish Mines.
  9348 | D:9      | Reached skill level 6 in Conjurations
  9621 | D:10     | Entered Level 10 of the Dungeon
  9926 | D:10     | Reached skill level 8 in Short Blades
  9983 | D:10     | You pick up a book of Cantrips and begin reading...
  9983 | D:10     | You add the spells Animate Skeleton, Summon Small Mammal
                  | and Apportation to your library.
 10008 | D:10     | Noticed a two-headed ogre
 10013 | D:10     | Killed a two-headed ogre
 10014 | D:10     | Reached skill level 3 in Fighting
 10052 | D:10     | Noticed a sea snake
 10089 | D:10     | Noticed a sea snake
 10115 | D:10     | Lost mutation: You have sharp toenails. [potion of
                  | mutation]
 10115 | D:10     | Lost mutation: Your body sometimes deteriorates upon taking
                  | damage. [potion of mutation]
 10115 | D:10     | Gained mutation: You have hidden genetic defects. [potion
                  | of mutation]
 10115 | D:10     | Lost mutation: You have hidden genetic defects. [potion of
                  | mutation]
 10115 | D:10     | Gained mutation: Your muscles are strong. (Str +2) [potion
                  | of mutation]
 10370 | D:10     | Reached skill level 6 in Fire Magic
 10511 | D:10     | Noticed Erolcha
 10513 | D:10     | Killed Erolcha
 10630 | D:11     | Reached skill level 4 in Fighting
 10636 | D:11     | Reached skill level 7 in Conjurations
 10636 | D:11     | Gained mutation: Spells you cast may paralyse nearby
                  | enemies. [demonic ancestry]
 10636 | D:11     | Reached XP level 11. HP: 80/80 MP: 4/17
 10798 | D:11     | HP: 12/80 [yak (11)]
 10802 | D:11     | HP: 3/120 [yak (5)]
 10961 | D:11     | Found a staircase to the Lair.
 11019 | D:11     | Noticed a brown ugly thing
 11027 | D:11     | Killed a brown ugly thing
 11583 | D:11     | Noticed a two-headed ogre
 11590 | D:11     | Killed a two-headed ogre
 11591 | D:11     | Reached skill level 5 in Fighting
 11591 | D:11     | Reached skill level 9 in Short Blades
 11591 | D:11     | Reached skill level 7 in Fire Magic
 11654 | D:11     | Reached *** piety under Ashenzari
 12102 | Lair:1   | Entered Level 1 of the Lair of Beasts
 12437 | Lair:1   | Reached skill level 6 in Fighting
 13026 | Lair:1   | Reached skill level 10 in Short Blades
 13027 | Lair:1   | Reached skill level 7 in Fighting
 13252 | Lair:2   | Noticed Gastronok
 13388 | Lair:2   | Killed Gastronok
 13389 | Lair:2   | Gained mutation: Your touch may irresistibly damage your
                  | foes and sap their willpower. [demonic ancestry]
 13389 | Lair:2   | Reached XP level 12. HP: 66/97 MP: 6/20
 13669 | Lair:2   | Found a hole to the Spider Nest.
 13898 | Lair:2   | You pick up a book of Party Tricks and begin reading...
 13905 | Lair:2   | Noticed a death yak
 13905 | Lair:2   | Identified the +2 robe of Veitzopn {rF- Str+3 Dex+4}
 13919 | Lair:2   | Reached skill level 4 in Dodging
 13934 | Lair:3   | HP: 24/97 [poisoned by a cane toad]
 13941 | Lair:3   | HP: 34/145 [poisoned by a cane toad]
 14121 | Lair:3   | Reached skill level 8 in Fighting
 14227 | Lair:3   | Noticed a seven-headed hydra
 14234 | Lair:3   | Killed a seven-headed hydra
 14235 | Lair:3   | Reached skill level 5 in Dodging
 14488 | Lair:3   | You pick up a book of the Hunter and begin reading...
 14488 | Lair:3   | You add the spells Call Canine Familiar, Portal Projectile
                  | and Leda's Liquefaction to your library.
 14512 | Lair:3   | Reached skill level 9 in Fighting
 14668 | Lair:3   | Noticed an eight-headed hydra
 14674 | Lair:3   | Killed an eight-headed hydra
 14675 | Lair:3   | Reached skill level 6 in Dodging
 15214 | Lair:4   | HP: 16/102 [elephant (15)]
 15358 | Lair:4   | Found a staircase to the Shoals.
 15384 | Lair:3   | Reached skill level 7 in Dodging
 15385 | Lair:3   | Reached skill level 10 in Fighting
 15848 | Lair:4   | Reached XP level 13. HP: 82/109 MP: 8/22
 15975 | Lair:4   | HP: 15/109 [eight-headed hydra (14)]
 16104 | Lair:4   | Reached skill level 8 in Dodging
 16241 | Lair:4   | Reached skill level 11 in Fighting
 16250 | Lair:4   | HP: 20/111 [six-headed hydra (12)]
 16735 | Lair:4   | Noticed Urug
 16749 | Lair:4   | Killed Urug
 17450 | Lair:5   | Reached skill level 12 in Fighting
 17684 | Lair:5   | Reached skill level 9 in Dodging
 18273 | Lair:6   | Entered Level 6 of the Lair of Beasts
 18408 | Lair:6   | HP: 27/114 [poisoned by a cane toad]
 18413 | Lair:5   | HP: 21/114 [poisoned by a cane toad]
 18606 | Lair:5   | HP: 15/115 [catoblepas (23)]
 18610 | Lair:5   | Reached skill level 10 in Dodging
 18749 | Lair:6   | Identified the +2 ring mail of Heshroz {rPois}
 19079 | Lair:6   | Reached **** piety under Ashenzari
 19709 | D:12     | HP: 29/116 [seven-headed hydra (9)]
 19891 | D:12     | Gained mutation: Spells you cast and wands you use may
                  | paralyse nearby enemies. [demonic ancestry]
 19891 | D:12     | Reached XP level 14. HP: 123/123 MP: 23/23
 20024 | D:12     | Reached skill level 11 in Dodging
 20093 | D:12     | You pick up a book of Pain and begin reading...
 20093 | D:12     | You add the spells Pain, Agony and Excruciating Wounds to
                  | your library.
 20131 | D:12     | Reached ***** piety under Ashenzari
 20933 | D:13     | Noticed a ghoul
 20948 | D:13     | HP: 24/128 [skeletal warrior/+0 glaive (15)]
 20952 | D:13     | Reached skill level 1 in Shields
 20953 | D:13     | HP: 32/128 [ghoul (4)]
 21172 | D:13     | Reached skill level 2 in Shields
 21364 | D:13     | Noticed a ghoul
 21375 | D:13     | Killed a ghoul
 21376 | D:13     | Reached skill level 3 in Shields
 21393 | D:13     | Reached skill level 4 in Shields
 21539 | D:13     | Found a snail-covered altar of Cheibriados.
 21854 | D:13     | Found a gate to the Vaults.
 21901 | D:13     | HP: 31/128 [ice dragon (3)]
 22351 | Orc:1    | Entered Level 1 of the Orcish Mines
 22351 | Orc:1    | Found a radiant altar of Vehumet.
 22355 | Orc:1    | Reached skill level 5 in Shields
 22505 | Orc:1    | Found Areirureah's Antique Armour Shoppe.
 22582 | Orc:2    | Entered Level 2 of the Orcish Mines
 22686 | Orc:2    | Found a staircase to the Elven Halls.
 22723 | Orc:2    | Noticed Jorgrun
 22737 | Orc:2    | HP: 32/128 [Jorgrun/iron shot (32)]
 22742 | Orc:2    | HP: 31/128 [Jorgrun/+0 vorpal quarterstaff (4)]
 22747 | Orc:2    | Killed Jorgrun
 22934 | Orc:2    | Reached skill level 6 in Shields
 23012 | Orc:2    | Reached skill level 4 in Spellcasting
 23097 | Orc:2    | Found Elail's Distillery.
 23103 | Orc:2    | Found Ytimoyg's General Store.
 23342 | Orc:2    | HP: 31/128 [hellwing (7)]
 23348 | Orc:2    | HP: 18/128 [orc warrior/+0 trident (10)]
 23656 | Orc:2    | Reached ****** piety under Ashenzari
 23985 | Orc:2    | Found Watur's Book Shoppe.
 23985 | Orc:2    | Found Secor's Antique Armour Emporium.
 24096 | Orc:2    | Reached skill level 5 in Spellcasting
 24221 | Orc:2    | Reached skill level 7 in Shields
 24352 | Orc:2    | Found a one-way gate leading to the halls of Pandemonium.
 24402 | Orc:2    | Reached skill level 8 in Shields
 25108 | Orc:1    | Reached skill level 9 in Shields
 25119 | Orc:1    | Gained mutation: You are surrounded by a moderate repulsion
                  | field. (EV +3) [demonic ancestry]
 25119 | Orc:1    | Reached XP level 15. HP: 84/135 MP: 1/29
 25149 | Orc:1    | Bought a fine leather armour for 154 gold pieces
 25149 | Orc:1    | Identified the +1 leather armour of Fortitude {rElec} (You
                  | bought it in a shop on level 1 of the Orcish Mines)
 25243 | D:8      | Learned a level 3 spell: Inner Flame
 25452 | Spider:1 | Entered Level 1 of the Spider Nest
 25494 | Spider:1 | Reached skill level 1 in Armour
 25670 | Spider:1 | Reached skill level 2 in Armour
 25919 | Spider:1 | Reached skill level 3 in Armour
 26331 | Spider:1 | Reached skill level 10 in Shields
 26513 | Spider:1 | Reached skill level 4 in Armour
 27543 | Spider:2 | Reached skill level 5 in Armour
 27806 | Spider:1 | Reached skill level 6 in Armour
 28375 | Spider:2 | Reached skill level 7 in Armour
 28575 | Spider:2 | You pick up a book of Dangerous Friends and begin
                  | reading...
 28575 | Spider:2 | You add the spells Summon Guardian Golem, Orb of
                  | Destruction and Spellforged Servitor to your library.
 28584 | Spider:2 | Learned a level 7 spell: Orb of Destruction
 28933 | Spider:3 | HP: 23/132 [sun moth (18)]
 28934 | Spider:3 | Reached skill level 8 in Conjurations
 28936 | Spider:3 | HP: 6/132 [jumping spider (9)]
 29049 | Spider:3 | HP: 16/132 [disintegration (27)]
 29592 | Spider:3 | Reached skill level 8 in Armour
 29603 | Spider:3 | Noticed an emperor scorpion
 29608 | Spider:3 | HP: 32/132 [radroach (5)]
 29609 | Spider:3 | Mangled by a radroach

Vanquished Creatures
  Jorgrun (Orc:2)
  Gastronok (Lair:2)
  3 ghost moths (Spider:1)
  A ghoul (D:13)
  An entropy weaver (Spider:2)
  A spark wasp (Spider:3)
  7 hydras
  A jorogumo (Spider:3)
  2 boulder beetles
  A radroach (Spider:3)
  2 demonspawn (Orc:2)
  Erolcha (D:10)
  A catoblepas (Lair:5)
  2 tengu warriors (D:13)
  4 two-headed ogres
  Urug (Lair:4)
  5 orc high priests (Orc:2)
  2 pharaoh ants
  A sun moth (Spider:3)
  3 steelbarb worms
  2 skeletal warriors (D:13)
  4 orb spiders (Spider:1)
  A wolf spider zombie (D:13)
  5 orc knights
  11 wolf spiders
  A deep elf pyromancer (D:12)
  2 ugly things
  7 orc sorcerers (Orc:2)
  6 cyclopes
  2 manticores
  4 moths of wrath
  3 black mambas
  Maurice (D:8)
  6 elephants
  4 centaur zombies (D:13)
  14 cane toads
  A smoke demon (Orc:2)
  4 torpor snails
  A gargoyle (D:11)
  3 demonic crawlers
  An unseen horror (D:9)
  6 rime drakes
  5 komodo dragons
  A hellwing (Orc:2)
  A queen bee (Lair:3)
  8 trolls
  A red devil (Orc:2)
  A polar bear (Lair:6)
  A hornet (D:8)
  13 tarantellas
  9 blink frogs
  15 dream sheep
  10 slime creatures (D:12)
  25 jumping spiders
  A meliai zombie (D:13)
  20 culicivoras
  2 shadows
  48 yaks
  A vampire (D:12)
  A wraith (D:12)
  10 wyverns
  A steam dragon (D:7)
  10 basilisks
  43 redbacks
  A chaos spawn (Orc:2)
  5 wargs
  An acid dragon (D:13)
  12 water moccasins
  27 orc warriors
  2 sky beasts
  4 ogres
  A centaur (D:10)
  18 wolves
  A phantom (D:6)
  A kobold brigand (D:9)
  2 necrophages
  5 bullfrogs
  2 gnoll sergeants
  2 scorpions (D:5)
  13 wights
  35 killer bees
  2 howler monkeys
  An electric eel (Lair:1)
  2 jellies
  24 orc priests
  A hound (D:5)
  2 gnoll shamans
  4 iguanas
  14 orc wizards
  8 hell rats (Lair:4)
  A mummy (D:13)
  12 gnolls
  7 adders
  2 worms
  4 dart slugs
  40 orcs
  5 ball pythons
  5 endoplasms
  2 giant cockroaches
  7 hobgoblins
  6 jackals
  2 quokkas
  4 bats (D:1)
  6 frilled lizards
  6 goblins
  4 kobolds
  7 rats
667 creatures vanquished.

Vanquished Creatures (collateral kills)
  12 foxfires
12 creatures vanquished.

Vanquished Creatures (others)
  1263 foxfires
  23 fungi
  22 plants
1308 creatures vanquished.

Grand Total: 1987 creatures vanquished

Table legend:
 A = Non-vault XP
 B = Vault XP
 C = Vault XP percentage of total XP
 D = Non-vault monster count
 E = Vault monster count
 F = Vault count percentage of total count
                 A         B        C        D         E       F
            +---------+---------+-------+---------+---------+-------
      Total |  101700 |   47869 |  32.0 |     477 |     190 |  28.5
            +---------+---------+-------+---------+---------+-------
        D:1 |      40 |       0 |   0.0 |      25 |       0 |   0.0
        D:2 |      52 |       0 |   0.0 |      15 |       0 |   0.0
        D:3 |      54 |       0 |   0.0 |      15 |       0 |   0.0
        D:4 |     112 |       0 |   0.0 |      14 |       0 |   0.0
        D:5 |     382 |     131 |  25.5 |       8 |       2 |  20.0
        D:6 |      74 |     181 |  71.0 |       1 |       3 |  75.0
        D:7 |     777 |       0 |   0.0 |       9 |       0 |   0.0
        D:8 |    1973 |     462 |  19.0 |      21 |       1 |   4.5
        D:9 |    2740 |     496 |  15.3 |      24 |       7 |  22.6
       D:10 |    1737 |    1851 |  51.6 |      13 |       7 |  35.0
       D:11 |    2614 |    1600 |  38.0 |       9 |      10 |  52.6
       D:12 |    7275 |    1861 |  20.4 |      20 |       5 |  20.0
       D:13 |    4249 |    5367 |  55.8 |       8 |      10 |  55.6
     Lair:1 |    4873 |     389 |   7.4 |      19 |       1 |   5.0
     Lair:2 |    1020 |    2916 |  74.1 |       4 |       8 |  66.7
     Lair:3 |    7972 |    2989 |  27.3 |      30 |      29 |  49.2
     Lair:4 |    6219 |    7170 |  53.6 |      20 |      30 |  60.0
     Lair:5 |    6223 |     784 |  11.2 |      23 |       4 |  14.8
     Lair:6 |    4933 |       0 |   0.0 |      21 |       0 |   0.0
   Spider:1 |   19207 |    4064 |  17.5 |      57 |      10 |  14.9
   Spider:2 |   11358 |       0 |   0.0 |      34 |       0 |   0.0
   Spider:3 |   11637 |       0 |   0.0 |      32 |       0 |   0.0
      Orc:1 |    4275 |       0 |   0.0 |      37 |       0 |   0.0
      Orc:2 |    1904 |   17608 |  90.2 |      18 |      63 |  77.8
            +---------+---------+-------+---------+---------+-------

Illustrated notes

Table legend:
 A = Kills in this place as a percentage of kills in entire the game.
 B = Kills by you in this place as a percentage of kills by you in the entire game.
 C = Kills by friends in this place as a percentage of kills by friends in the entire game.
 D = Other kills in this place as a percentage of other kills in the entire game.
 E = Experience gained in this place as a percentage of experience gained in the entire game.
 F = Experience gained in this place divided by the number of levels of this place that you have seen.
                   A       B       C       D       E      F
               +-------+-------+-------+-------+-------+----------------------
         Total | 100.0 | 100.0 |   N/A |   N/A | 100.0 | 6232.0
       Dungeon |  34.0 |  34.0 |   N/A |   N/A |  22.8 | 2617.5
          Lair |  28.3 |  28.3 |   N/A |   N/A |  30.4 | 7581.3
   Spider Nest |  19.9 |  19.9 |   N/A |   N/A |  30.9 | 15422.0
  Orcish Mines |  17.7 |  17.7 |   N/A |   N/A |  15.9 | 11893.5
               +-------+-------+-------+-------+-------+----------------------

Table legend: (Time is in decaauts)
 A = Elapsed time spent in this place.
 B = Non-inter-level travel time spent in this place.
 C = Inter-level travel time spent in this place.
 D = Time resting spent in this place.
 E = Time spent auto-exploring this place.
 F = Levels seen in this place.
 G = Mean time per level.
                   A        B        C        D        E       F      G
               +--------+--------+--------+--------+--------+-----+--------+
         Total |  29424 |  27573 |   1851 |   8905 |  14614 |  24 | 1226.0 |
       Dungeon |  15439 |  14215 |   1224 |   3466 |   8993 |  13 | 1187.6 |
          Lair |   7192 |   6846 |    346 |   2582 |   3342 |   6 | 1198.7 |
   Spider Nest |   4059 |   4010 |     49 |   1887 |   1353 |   3 | 1353.0 |
  Orcish Mines |   2733 |   2503 |    230 |    968 |    926 |   2 | 1366.5 |
               +--------+--------+--------+--------+--------+-----+--------+

Top non-repeatable levels by time:
Spider:1: 2385 daAuts
   Orc:2: 2248 daAuts
     D:8: 1833 daAuts
    D:12: 1827 daAuts
  Lair:3: 1770 daAuts
  Lair:4: 1572 daAuts
     D:9: 1437 daAuts
  Lair:5: 1434 daAuts
    D:11: 1427 daAuts
     D:1: 1356 daAuts
  Lair:1: 1281 daAuts
     D:2: 1279 daAuts
    D:10: 1204 daAuts
     D:5: 1067 daAuts
    D:13: 1040 daAuts
